 Dungeon Crawl Stone Soup version 0.29.0-13-gc9e81de378 (webtiles) character file.

Game seed: 10611434422398558486

5363 SnakkuSnakku7 the Spear-Bearer (level 10, -2/132 HPs)
             Began as a Demigod Delver on Sept 7, 2022.
             Killed from afar by Erica (12 damage)
             ... with a lance of force
             ... on level 10 of the Dungeon.
             The game lasted 00:13:59 (8142 turns).

SnakkuSnakku7 the Spear-Bearer (Demigod Delver)     Turns: 8142, Time: 00:14:00

Health: -2/132     AC: 26    Str: 25    XL:     10   Next: 16%
Magic:  13/13      EV:  7    Int: 12    God:
Gold:   850        SH:  0    Dex: 15    Spells: 9/9 levels left

rFire   + . .      SeeInvis .   a - +8 bardiche (protect)
rCold   . . .      Faith    .   (shield currently unavailable)
rNeg    + . .      Spirit   .   x - +1 plate armour {rF+}
rPois   .          Reflect  .   G - +1 helmet
rElec   .          Harm     .   F - +0 cloak
rCorr   .          Rampage  .   z - +2 pair of gloves {hurl}
Will    +....                   y - +0 pair of boots
Stlth   ..........              (no amulet)
HPRegen 0.32/turn               w - ring of positive energy
MPRegen 0.13/turn               (no ring)

@: berserking, lethally poisoned (-2 -> -3), under a protective aura, very quick
A: high MP 1, forlorn, divine attributes
a: no special abilities


You were on level 10 of the Dungeon.
You visited 1 branch of the dungeon, and saw 10 of its levels.
You also visited: Sewer.

You collected 2260 gold pieces.
You spent 1410 gold pieces at shops.

Inventory:

Hand Weapons
 a - a +8 bardiche of protection (weapon)
 b - the +5 trident of Dithmenos's Envy {venom, Str+6 Int-3 Stlth+}
   (You bought it in a shop on level 2 of the Dungeon)

   It poisons the flesh of those it strikes.
   Str:       It affects your strength (+6).
   Int:       It affects your intelligence (-3).
   Stlth:     It makes you more stealthy.
Armour
 x - a +1 plate armour of fire resistance (worn)
 y - a +0 pair of boots (worn)
 z - a +2 pair of gloves of hurling (worn)
 F - a +0 cloak (worn)
 G - a +1 helmet (worn)
Jewellery
 j - an amulet of magic regeneration
 w - a ring of positive energy (left hand)
Wands
 g - a wand of digging (1)
 i - a wand of light (3)
 s - a wand of flame (16)
 v - a wand of iceblast (5)
Scrolls
 c - 3 scrolls of fog
 m - 5 scrolls of magic mapping
 q - a scroll of identify
 t - 2 scrolls of amnesia
 C - a scroll of brand weapon
 D - 2 scrolls of poison
Potions
 e - 4 potions of brilliance
 f - a potion of attraction
 h - 3 potions of flight
 k - a potion of invisibility
 n - 2 potions of haste
 o - 2 potions of might
 p - 2 potions of mutation
 r - 4 potions of curing
 A - 2 potions of lignification
 E - a potion of cancellation


   Skills:
 - Level 8.0 Fighting
 - Level 1.7(7.2) Axes
 + Level 11.1(11.2) Polearms
 - Level 2.0 Armour
 - Level 1.7 Dodging
 - Level 4.5 Stealth
 - Level 4.0 Evocations


You had 9 spell levels left.
You didn't know any spells.
Your spell library contained the following spells:

 Spells                   Type           Power      Damage    Failure   Level
 Ensorcelled Hibernation  Hex/Ice        0%         N/A       100%        2
 Passwall                 Tmut/Erth      0%         N/A       100%        2
 Poisonous Vapours        Pois/Air       0%         N/A       100%        2
 Static Discharge         Conj/Air       0%         3-3/arc   100%        2
 Gell's Gravitas          Tloc           0%         N/A       100%        3
 Lesser Beckoning         Tloc           0%         N/A       100%        3
 Swiftness                Air            0%         N/A       100%        3
 Teleport Other           Tloc           0%         N/A       100%        3
 Corpse Rot               Necr/Pois/Air  0%         N/A       100%        4
 Dispel Undead            Necr           0%         3d6       100%        4
 Sticky Flame             Conj/Fire      0%         2d3       100%        4
 Lightning Bolt           Conj/Air       0%         1d11      100%        5
 Maxwell's Capacitive Co  Air            0%         ∞         100%        8


Dungeon Overview and Level Annotations

Branches:
Dungeon (10/15)            Temple (0/1) D:4            Lair (0/5) D:8
    Orc (0/2) D:10          Sewer (visited)

Shops:
D:2 :(:[?   D:8 *   D:10 (

Annotations:
D:10 4 transporters, Erica


Innate Abilities, Weirdness & Mutations

You have an increased reservoir of magic. (+10% MP)
You shall have no god before yourself.
Your divine heritage dramatically boosts your attributes as you level up.


Message History

You feel yourself moving faster!
You feel mighty!
You feel sick.
Your killer bee stings Erica.
The troll bites you! The troll claws you!
* * * LOW HITPOINT WARNING * * *
The troll closely misses you. Erica gestures at you while chanting.
The lance of force hits you!
* * * LOW HITPOINT WARNING * * *
You are knocked back by the lance of force.
You collide with the troll!
The troll is moderately wounded.
Your killer bee stings Erica.
Erica is poisoned.
Your killer bee poisons Erica!
Your orc hits Erica with a +0 hand axe.
Unknown command.
Unknown command.
You slice Erica!!
Your weapon exudes an aura of protection.
Erica is heavily wounded.
You feel sick.
Your killer bee barely misses Erica.
The troll bites you but does no damage. The troll claws you but does no damage.
The troll completely misses you.
Erica hits you with a +1 scimitar of flaming.
* * * LOW HITPOINT WARNING * * *
Unknown command.
Unknown command.
Unknown command.
You slash Erica!
Erica is almost dead.
You feel sick.
Your killer bee stings Erica!
Erica looks as sick as possible!
Your killer bee poisons Erica!
Your killer bee closely misses Erica.
Your wraith hits Erica.
Your wraith drains Erica's vigour!
Erica seems to slow down.
Your orc barely misses Erica.
Your orc warrior hits the troll with a +0 flail.
Your orc hits the troll with a +0 hand axe.
Your killer bee barely misses Erica.
The troll bites you but does no damage. The troll claws you.
* * * LOW HITPOINT WARNING * * *
The troll claws you but does no damage.
Erica points at you and mumbles some strange words.
The lance of force hits you!
You die...

##..# ## ....#
# ##. .... #
#..#...##
.o.....# #.
#yoW...# .
##...#@yyo.##..
.
#....Wy@oo.....
.
##....y.T......
.
##....o.......
.
#......#.......
. .......
.....## .
#...... .....#
. .......
##...# #
......> #.## .


You could see Erica (extremely poisoned, slow, ally target), a troll (ally
target), an orc warrior (reflecting), a friendly wraith (summoned), a friendly
orc warrior (summoned), a friendly shadow (summoned), 5 friendly killer bees and
4 friendly orcs.

Vanquished Creatures
  A two-headed ogre (D:10)
  An ugly thing (D:9)
  A troll (D:10)
  Grinder (D:5)
  2 wyverns
  4 yaks (D:10)
  An acid dragon (D:10)
  6 orc warriors
  2 sky beasts
  An ogre (D:6)
  3 centaurs
  A kobold brigand (D:9)
  A gnoll sergeant (D:10)
  5 bullfrogs
  3 necrophages
  7 scorpions
  3 hounds
  A jelly (D:8)
  2 orc priests (D:9)
  Crazy Yiuf (D:4)
  4 iguanas
  Natasha (thrice) (D:2)
  Terence (D:3)
  7 orc wizards
  A hell rat (Sewer)
  4 gnolls (D:10)
  9 adders
  A river rat (Sewer)
  A shadow imp (D:7)
  A white imp (D:6)
  2 ufetubi (D:6)
  3 worms
  5 dart slugs
  33 orcs
  6 endoplasms
  A giant cockroach (D:4)
  7 goblins
  7 hobgoblins
  3 jackals (D:4)
  13 kobolds
  4 quokkas
  13 ball pythons
  15 bats
  4 frilled lizards
  4 rats
199 creatures vanquished.

Vanquished Creatures (others)
  8 fungi (D:5)
8 creatures vanquished.

Grand Total: 207 creatures vanquished

Notes
Turn   | Place    | Note
-------+----------+-------------------------------------------
     0 | D:5      | SnakkuSnakku7 the Demigod Delver began the quest for the
                  | Orb.
     0 | D:5      | Reached XP level 1. HP: 18/18 MP: 3/3
    23 | D:4      | Noticed an iguana
    75 | D:4      | Noticed a necrophage
   195 | D:3      | Reached XP level 2. HP: 10/26 MP: 4/4
   203 | D:3      | Noticed Terence
   292 | D:3      | HP: 1/26 [ball python (1)]
   465 | D:3      | Reached skill level 1 in Evocations
   465 | D:3      | Found a glowing drain.
   521 | Sewer    | Entered a sewer
   854 | Sewer    | Reached XP level 3. HP: 4/31 MP: 5/5
  1696 | D:1      | Identified 2 scrolls of acquirement
  1696 | D:1      | Acquired 1010 gold pieces
  1698 | D:1      | Acquired 751 gold pieces
  1721 | D:2      | Reached XP level 4. HP: 38/38 MP: 6/6
  1737 | D:2      | Found Rusahepn's Book Boutique.
  1741 | D:2      | Found Pittoeck's Book Boutique.
  1901 | D:2      | Found Homicsiq's Antique Weapon Emporium.
  1925 | D:2      | Bought a brightly glowing trident for 255 gold pieces
  1925 | D:2      | Identified the +5 trident of Dithmenos's Envy {venom, Str+6
                  | Int-3 Stlth+} (You bought it in a shop on level 2 of the
                  | Dungeon)
  1946 | D:2      | Found Retaymp's Magic Scroll Emporium.
  1954 | D:2      | Bought a scroll of identify for 20 gold pieces
  1954 | D:2      | Bought a scroll of teleportation for 30 gold pieces
  1954 | D:2      | Bought a scroll of fog for 40 gold pieces
  1954 | D:2      | Bought a scroll of noise for 10 gold pieces
  1954 | D:2      | Bought a scroll of teleportation for 30 gold pieces
  2054 | D:2      | Noticed Natasha
  2060 | D:2      | Killed Natasha
  2143 | D:2      | Noticed Natasha
  2154 | D:2      | Killed Natasha
  2155 | D:2      | Reached XP level 5. HP: 31/45 MP: 7/7
  2188 | D:2      | Noticed Natasha
  2191 | D:2      | Killed Natasha
  2422 | D:2      | Found Peav's Antique Armour Boutique.
  2427 | D:2      | Bought a shiny plate armour for 676 gold pieces
  2427 | D:2      | Bought a pair of boots for 117 gold pieces
  2427 | D:2      | Bought a pair of runed gloves for 195 gold pieces
  2773 | D:3      | Killed Terence
  3186 | D:4      | Reached XP level 6. HP: 45/55 MP: 8/8
  3231 | D:4      | Reached skill level 5 in Fighting
  3264 | D:4      | Found a staircase to the Ecumenical Temple.
  3578 | D:4      | Found a runed translucent door.
  3579 | D:4      | Noticed Crazy Yiuf
  3585 | D:4      | Killed Crazy Yiuf
  4037 | D:5      | Noticed Grinder
  4043 | D:5      | Paralysed by Grinder for 3 turns
  4050 | D:5      | Killed Grinder
  4051 | D:5      | Reached XP level 7. HP: 54/64 MP: 9/9
  4278 | D:5      | Reached skill level 1 in Armour
  4293 | D:5      | Acquired a +0 bardiche of protection
  4800 | D:6      | Reached skill level 2 in Polearms
  4800 | D:6      | Reached XP level 8. HP: 58/74 MP: 10/10
  4912 | D:6      | Reached skill level 3 in Polearms
  5240 | D:6      | Reached skill level 4 in Polearms
  5506 | D:7      | Identified the +5 quarterstaff "Joozuexu" {pain, Will+
                  | rCorr Dex+3}
  5510 | D:7      | Reached skill level 5 in Polearms
  5596 | D:7      | Reached skill level 6 in Polearms
  6507 | D:8      | Found Tagal's CLEARANCE SALE!.
  6517 | D:8      | Bought a scroll of enchant weapon for 37 gold pieces
  6536 | D:8      | Found a staircase to the Lair.
  6545 | D:8      | Reached XP level 9. HP: 79/81 MP: 11/11
  6570 | D:8      | Reached skill level 7 in Polearms
  6582 | D:8      | Noticed a skeletal warrior
  6582 | D:8      | Noticed a skeletal warrior
  6583 | D:8      | Noticed a skeletal warrior
  6584 | D:8      | Noticed a skeletal warrior
  7224 | D:9      | Noticed a cyan ugly thing
  7258 | D:9      | Killed a cyan ugly thing
  7259 | D:9      | Reached skill level 8 in Polearms
  7590 | D:9      | You fall into a shaft and drop 1 floor!
  7590 | D:10     | Entered Level 10 of the Dungeon
  7604 | D:10     | Reached skill level 9 in Polearms
  7925 | D:10     | Found a transporter.
  7946 | D:10     | Found a staircase to the Orcish Mines.
  7946 | D:10     | Found Kihul's Weapon Boutique.
  7947 | D:10     | Noticed a two-headed ogre
  7950 | D:10     | Found a transporter.
  7956 | D:10     | Killed a two-headed ogre
  7957 | D:10     | Reached skill level 10 in Polearms
  7960 | D:10     | Reached XP level 10. HP: 49/88 MP: 13/13
  8106 | D:10     | Found a transporter.
  8110 | D:10     | Found a transporter.
  8132 | D:10     | Reached skill level 11 in Polearms
  8138 | D:10     | Noticed Erica
  8142 | D:10     | Killed from afar by Erica

Illustrated notes

Levels and vault maps discovered:
D:1:      dpeg_arrival_long_road, layout_rooms, minmay_misc_feat_ornament,
          wad_floor_pattern_untrapped, serial_bayou_pond_e
D:2:      minmay_general_purpose_star, layout_loops_ring, serial_shops,
          nicolae_shop_statue_plus, shop_fountains, nicolae_shop_behind_doors,
          shop_fountains, shop, basic_altar, minmay_distorted, uniq_natasha
D:3:      layout_loops_ring, cheibrodos_sewer_entry_sluice,
          dreamdust_wishing_well, uniq_terence
D:4:      layout_basic, nemelex_dance_club_becter, lemuel_crystal_altar,
          minmay_temple_entry_arrows, serial_glass, glass_columns_a,
          glass_columns_a, grunt_ministairs_3, chequers_garden,
          uniq_crazy_yiuf_cottage
D:5:      old_forge, layout_basic, kennysheep_mini_moat, uniq_grinder
D:6:      layout_basic, old_standard_altar
D:7:      layout_loops_ring, nicolae_sif_muna_condensation,
          mainiacjoe_overflow_catwalk_spiral, serial_co_window_serial,
          co_window_paths_a, co_window_corner_a, co_window_paths_a,
          co_window_cross_1, co_window_corner_a, co_window_corner_b,
          co_window_of_opportunity_c, co_window_broadway_b, glass_columns_a,
          glass_columns_b, glass_columns_b, glass_columns_b, glass_columns_a
D:8:      minmay_thick_lines, layout_basic, trog_three_pillars_becter,
          lair_entry_dummy, nicolae_shop_clearance, uniq_joseph
D:9:      layout_long_grid
D:10:     layout_cave_pools, chequers_temple_overflow_minitemple, orc_david_3,
          minivault_16, serial_nicolae_subway, nicolae_sub_station_metal,
          nicolae_sub_station_crystal, nicolae_sub_station_stone, uniq_erica

Skill      XL: |  1  2  3  4  5  6  7  8  9 10 |
---------------+-------------------------------+-----
Fighting       | 3 4 6 8 |  8.0
Evocations     | 2 3 4 |  4.0
Armour         | 2 |  2.0
Polearms       | 2 6 10 11 | 11.1
Axes           | |  1.7
Dodging        | |  1.7
Stealth        | |  4.5

Action                   |  1- 3 |  4- 6 |  7- 9 | 10-12 || total
-------------------------+-------+-------+-------+-------++-------
Melee: Hand axe          |   122 |    21 |       |       ||   143
       Punch             |     4 |       |     2 |       ||     6
       Trident           |       |   122 |   110 |       ||   232
       Bardiche          |       |       |   142 |    22 ||   164
Evoke: Wand              |    17 |     3 |     2 |       ||    22
  Use: Scroll            |     5 |       |    28 |     2 ||    35
       Potion            |     2 |       |       |     2 ||     4
 Stab: Sleeping          |     7 |       |       |       ||     7
Armor: Leather armour    |     5 |       |       |       ||     5
       Ring mail         |    61 |       |       |       ||    61
       Plate armour      |       |    80 |   249 |    37 ||   366
Dodge: Dodged            |    85 |    40 |   111 |    15 ||   251
